 Dungeon Crawl Stone Soup version 0.32-a0-329-ge6c31236d6 (webtiles) character file.

Game seed: 956208225271613338

137 greenreed the Magician (level 5, -4/39 HPs)
             Began as a Djinni Fire Elementalist on Feb 16, 2024.
             Killed by an exploding endoplasm (13 damage)
             ... ignited by their inner flame
             ... on level 2 of the Dungeon.
             The game lasted 00:04:42 (1308 turns).

greenreed the Magician (Djinni Fire Elementalist)   Turns: 1308, Time: 00:04:43

Health: -4/39      AC:  7    Str:  7    XL:     5   Next: 44%
Gold:   51         EV: 13    Int: 19    God:
                   SH:  0    Dex: 13

rFire   + + .        (no weapon)
rCold   . . .        (no shield)
rNeg    . . .        a - +0 robe
rPois   ∞            (no helmet)
rElec   .            (no cloak)
rCorr   .            n - +0 pair of gloves
SInv    .            (boots unavailable)
Will    .....        (no amulet)
Stlth   ++           g - ring of protection from cold
HPRegen 0.26/turn    j - +4 ring of protection
MPRegen 0.00/turn

%: infuse magic (-5 HP)
@: flying
A: sickness immunity, fire resistance 2, cold vulnerability 1, float, innate
caster, HP casting, extra vitality 1
a: no special abilities


You were on level 2 of the Dungeon.
You visited 1 branch of the dungeon, and saw 2 of its levels.

You collected 51 gold pieces.

Inventory:

Armour
 a - a +0 robe (worn)
 n - a +0 pair of gloves (worn)
Jewellery
 g - a ring of protection from cold (left hand)
 j - a +4 ring of protection (right hand)
Talismans
 d - a beast talisman
Scrolls
 b - a scroll of revelation {unknown}
 c - a scroll of enchant weapon {unknown}
 i - a scroll of identify {unknown}
 k - a scroll of poison {unknown}
 m - a scroll of enchant armour {unknown}
Potions
 f - a potion of mutation {unknown}
 h - a potion of curing {unknown}
 l - a potion of magic {unknown}


   Skills:
 + Level 2.3 Fighting
 + Level 3.6 Dodging
 - Level 1.5 Stealth
 * Level 3.9 Spellcasting
 * Level 3.9 Conjurations
 * Level 3.9 Hexes
   Level 0.0 Charms
 * Level 3.9 Summonings
 * Level 3.9 Necromancy
 * Level 3.9 Translocations
   Level 0.0 Transmutations
 * Level 3.9 Fire Magic
 * Level 3.9 Ice Magic
 * Level 3.9 Air Magic
 * Level 3.9 Earth Magic
 * Level 3.9 Alchemy


You knew the following spells:

 Your Spells              Type           Power      Damage    Failure   Level
a - Foxfire               Conj/Fire      72%        2x1d7     2%          1
b - Scorch                Fire           36%        2d6       4%          2
c - Volatile Blastmotes   Fire/Tloc      36%        2d13      9%          3
d - Inner Flame           Hex/Fire       18%        N/A       9%          3
e - Flame Wave            Conj/Fire      18%        2d7       28%         4
f - Freeze                Ice            72%        1d8       2%          1
g - Static Discharge      Conj/Air       36%        3-5/arc   4%          2
Your spell library was empty.

Dungeon Overview and Level Annotations

Branches:
Dungeon (2/15)

Altars:
Hepliaklqana


Innate Abilities, Weirdness & Mutations

You are immune to sickness and miasma.
You are immune to poison.
Your flesh is very heat resistant. (rF++)
You are vulnerable to cold. (rC-)
You float through the air rather than walking.
You learn spells naturally, not from books.
Your magical power is your life essence.
You have superior vitality. (+4 MHP)


Message History

You hit the endoplasm.
The endoplasm is moderately wounded.
The adder bites you. The endoplasm freezes you.
You are frozen.
The adder closely misses you.
You hit the endoplasm but do no damage.
The endoplasm is moderately wounded.
The adder closely misses you. The endoplasm freezes you.
You are frozen.
You barely miss the endoplasm.
The endoplasm is moderately wounded.
The adder barely misses you. The endoplasm freezes you.
You are frozen.
You hit the endoplasm but do no damage.
The endoplasm is moderately wounded.
The adder bites you.
The endoplasm hits you but does no damage.
The adder bites you but does no damage.
You hit the endoplasm.
The endoplasm is severely wounded.
The endoplasm barely misses you. The adder closely misses you.
As you read the scroll labelled MANWABRUIG, it crumbles to dust.
The creatures around you are filled with an inner flame!
It was a scroll of immolation.
The adder completely misses you. The endoplasm hits you.
Casting: Foxfire (safe; 2% risk of failure)
Confirm with . or Enter, or press ? or * to list all spells.
Flames lash the adder.
Flame seeps out of the adder.
The adder is severely wounded.
The adder's fire resistance burns away.
The adder is engulfed in blazing flames.
The adder explodes!
The fiery explosion engulfs the endoplasm!!
The fiery explosion engulfs you. You resist.
* * * LOW HITPOINT WARNING * * *
The endoplasm explodes!
The fiery explosion engulfs you! You resist.
You die...

#.# #.#
#.# ####
#.# ..#
#.# #.#
#.#
#§#####.#
#○§§....#
#@#######
###


There were no monsters in sight!

Vanquished Creatures
  Robin (D:2)
  3 adders (D:2)
  A ribbon worm (D:2)
  2 dart slugs (D:1)
  7 ball pythons
  3 endoplasms
  4 giant cockroaches
  8 goblins
  10 hobgoblins
  2 jackals (D:1)
  A quokka (D:2)
  7 bats
  5 frilled lizards
  4 rats
58 creatures vanquished.

Vanquished Creatures (others)
  102 foxfires
102 creatures vanquished.

Grand Total: 160 creatures vanquished

Notes
Turn   | Place    | Note
-------+----------+-------------------------------------------
     0 | D:1      | greenreed the Djinni Fire Elementalist began the quest for
                  | the Orb.
     0 | D:1      | greenreed set off with the following spells memorised:
                  | Foxfire, Scorch, Volatile Blastmotes, Inner Flame, Flame
                  | Wave.
     0 | D:1      | Reached XP level 1. HP: 15/15 MP: 0/0
    99 | D:1      | Reached XP level 2. HP: 21/22 MP: 0/0
   205 | D:1      | Reached skill level 1 in Fighting
   215 | D:1      | Reached XP level 3. HP: 24/27 MP: 0/0
   215 | D:1      | Learned a level 1 spell: Freeze
   579 | D:1      | Reached XP level 4. HP: 32/32 MP: 0/0
  1028 | D:2      | Reached XP level 5. HP: 32/38 MP: 0/0
  1028 | D:2      | Learned a level 2 spell: Static Discharge
  1035 | D:2      | Noticed Robin
  1038 | D:2      | Killed Robin
  1116 | D:2      | Found a hazy altar of Hepliaklqana.
  1308 | D:2      | Killed by an exploding endoplasm... ignited by their inner
                  | flame

Illustrated notes

Levels and vault maps discovered:
D:1:      ebering_hopf_link, layout_loops_cross
D:2:      layout_basic, basic_altar, uniq_robin, uniq_jessica, uniq_terence

Skill      XL: |  1  2  3  4 |
---------------+-------------+-----
Fighting       | 1 2 |  2.3
Dodging        | 3 |  3.6
Stealth        | |  1.5
Spellcasting   | |  3.9
Conjurations   | |  3.9
Hexes          | |  3.9
Summonings     | |  3.9
Necromancy     | |  3.9
Translocations | |  3.9
Fire Magic     | |  3.9
Ice Magic      | |  3.9
Air Magic      | |  3.9
Earth Magic    | |  3.9
Alchemy        | |  3.9

Action                     |  1- 3 |  4- 6 || total
---------------------------+-------+-------++-------
  Melee: Unarmed           |       |    19 ||    19
   Cast: Foxfire           |    31 |    51 ||    82
         Scorch            |       |     1 ||     1
    Use: Scroll            |       |     1 ||     1
 Armour: Robe              |     1 |    19 ||    20
  Dodge: Dodged            |       |    28 ||    28

Table legend: (Time is in decaauts)
 A = Elapsed time spent in this place.
 B = Non-inter-level travel time spent in this place.
 C = Inter-level travel time spent in this place.
 D = Time resting spent in this place.
 E = Time spent auto-exploring this place.
 F = Levels seen in this place.
 G = Mean time per level.
                   A        B        C        D        E       F      G
               +--------+--------+--------+--------+--------+-----+--------+
         Total |   1307 |   1274 |     33 |      0 |    996 |   2 |  653.5 |
       Dungeon |   1307 |   1274 |     33 |      0 |    996 |   2 |  653.5 |
               +--------+--------+--------+--------+--------+-----+--------+

Top non-repeatable levels by time:
     D:1: 735 daAuts
     D:2: 572 daAuts
